 Dungeon Crawl Stone Soup version 0.27-a0-498-g7ecbb0a48f (webtiles) character file.

Game seed: 5891584850042755422

2057 siradein the Slicer (level 9, -3/60 HPs)
             Began as a Red Draconian Brigand on Mar 2, 2021.
             Slain by a gnoll
             ... wielding a +2 halberd of electrocution
              (13 damage)
             ... in a bailey.
             The game lasted 00:17:51 (6105 turns).

siradein the Slicer (Red Draconian Brigand)         Turns: 6105, Time: 00:17:51

Health: -3/60      AC: 17    Str: 14    XL:     9   Next: 5%
Magic:  9/9        EV: 11    Int: 12    God:
Gold:   391        SH:  0    Dex: 15    Spells: 8/8 levels left

rFire    + . .     SeeInvis .   p - +3 short sword (protect)
rCold    . . .     Faith    .   (no shield)
rNeg     . . .     Spirit   .   (armour unavailable)
rPois    +         Reflect  .   (helmet restricted)
rElec    .         Harm     .   b - +1 cloak
rCorr    .         Rampage  .   E - +0 pair of gloves
Will     +....     Rnd*Tele +   (no boots)
Stlth    +.........             (no amulet)
HPRegen  1.20/turn              G - ring of poison resistance
MPRegen  0.11/turn              t - +4 ring of slaying

@: confused, ambrosia-drunk, protection aura
A: breathe fire, unfitting armour, fire resistance 1, frail 1, strong-willed 1,
regeneration 1, teleportitis 1, cold-blooded, AC +7
a: Breathe Fire


You were in a bailey.
You visited 1 branch of the dungeon, and saw 7 of its levels.
You also visited: Bailey.

You collected 391 gold pieces.

Inventory:

Hand Weapons
 p - a +3 short sword of protection (weapon)
 A - a +0 hand crossbow
 B - a +0 hunting sling
 D - a +0 shortbow
Missiles
 a - 104 stones
 c - 59 poisoned darts
 d - 2 curare-tipped darts
 e - 182 arrows
 i - 44 bolts
 q - 61 sling bullets
 y - 25 boomerangs (quivered)
 C - 8 silver javelins
Armour
 b - a +1 cloak (worn)
 E - a +0 pair of gloves (worn)
Jewellery
 t - a +4 ring of slaying (right hand)
 u - a ring of willpower
 G - a ring of poison resistance (left hand)
Wands
 n - a wand of flame (21)
Scrolls
 f - 2 scrolls of enchant armour
 g - 3 scrolls of teleportation
 h - a scroll of amnesia
 l - a scroll of immolation
 o - a scroll of enchant weapon
 s - a scroll of fear {unknown}
 v - a scroll of magic mapping
 x - 2 scrolls of fog {unknown}
Potions
 j - 5 potions of heal wounds
 k - 2 potions of curing
 m - 2 potions of resistance
 r - a potion of attraction
 w - 2 potions of brilliance
 F - 2 potions of lignification {unknown}
 H - 2 potions of haste {unknown}


   Skills:
 - Level 2.1 Fighting
 + Level 8.6 Short Blades
 + Level 7.9 Throwing
 - Level 0.8 Dodging
 - Level 3.6 Stealth


You had 8 spell levels left.
You didn't know any spells.
Your spell library contained the following spells:

 Spells                   Type           Power        Failure   Level
 Corona                   Hex            0%           32%         1
 Ensorcelled Hibernation  Hex/Ice        0%           45%         2
 Confusing Touch          Hex            0%           69%         3
 Dazzling Flash           Conj/Hex       0%           69%         3
 Tukima's Dance           Hex            0%           69%         3


Dungeon Overview and Level Annotations

Branches:
Dungeon (7/15)             Temple (0/1) D:7          Bailey (1/1)

Altars:
Dithmenos
Makhleb
Ru
Sif Muna

Shops:
D:5 (


Innate Abilities, Weirdness & Mutations

You can breathe blasts of fire.
Your fiery red scales are hard. (AC +7)
You cannot fit into any form of body armour.
Your flesh is heat resistant. (rF+)
You are cold-blooded and may be slowed by cold attacks.
You are frail. (-10% HP)
You are strong-willed. (Will+)
Your natural rate of healing is unusually fast.
You are occasionally teleported next to monsters.


Message History

You feel much better.
The hobgoblin rages.
A gnoll comes into view. It is wielding a +0 halberd.
The orc knight unwields a +0 arbalest.
The orc knight wields a +3 long sword.
The orc knight hits you with a +3 long sword.
The gnoll closely misses you.
There is an open door here.
Things that are here:
4 boomerangs; 3 potions of mutation; a kobold corpse You closely miss the orc knight.
You hit the orc knight.
The orc knight is lightly wounded.
The orc knight hits you with a +3 long sword!!
* * * LOW HITPOINT WARNING * * *
The gnoll misses you.
You feel much better.
The orc knight hits you with a +3 long sword!
The gnoll closely misses you.
You are confused.
You feel invigorated.
The orc knight hits you with a +3 long sword!
Things that are here:
a +0 halberd of electrocution; a gnoll corpse The gnoll hits you from afar with a +2 halberd of electrocution.
You are electrocuted!
The orc knight hits you with a +3 long sword!!
* * * LOW HITPOINT WARNING * * *
You hear a shout!
There is an open door, spattered with blood here.
Things that are here:
4 boomerangs; 3 potions of mutation; a kobold corpse You hit the orc knight but do no damage.
Your weapon exudes an aura of protection.
Your tail-slap misses the orc knight.
You hear a shout!
A hobgoblin comes into view.
The orc knight hits you with a +3 long sword.
* * * LOW HITPOINT WARNING * * *
The gnoll hits you but does no damage.
You are electrocuted!
You die...

#....K ###..†.†###
.'..⌠.. #.'..∩.†'.#
##..... ###.....###
#.....# ##.....##
#'##'##'###'##'##'##
.# #. #.#)###.###.#
#### ### ### #g#)##
# +###@##'##'#
##og.g.# #gKg..#
'gg⌠..'.# ##.!...###
#g...!# '##'##'# #
.# #∩# ## ##


You could see an orc knight, 3 gnolls, 4 hobgoblins and a kobold.

Vanquished Creatures
  Sigmund (D:2)
  Menkaure (D:4)
  An ice beast (D:5)
  A sky beast (D:5)
  A hornet zombie (D:6)
  An ogre (D:6)
  3 centaurs
  2 phantoms (D:6)
  A bullfrog (D:6)
  2 scorpions
  4 howler monkeys
  2 jellies (D:6)
  2 bullfrog zombies
  An orc priest (D:4)
  A centaur skeleton (D:6)
  2 iguanas
  Ijyb (D:3)
  3 worker ants
  10 gnolls
  A howler monkey skeleton (D:7)
  11 adders
  A shadow imp (D:3)
  A white imp (D:6)
  An ufetubus (D:6)
  2 oozes (D:1)
  An adder zombie (D:5)
  3 worms
  11 dart slugs
  5 leopard geckos
  4 orcs
  A giant cockroach (D:2)
  10 goblins
  14 hobgoblins
  A jackal (D:2)
  6 quokkas
  A ball python skeleton (D:5)
  6 bats
  4 frilled lizards
  A giant cockroach zombie (D:5)
  10 kobolds
  A quokka skeleton (D:6)
  8 rats
144 creatures vanquished.

Vanquished Creatures (others)
  A plant (D:5)
1 creature vanquished.

Grand Total: 145 creatures vanquished

Notes
Turn   | Place    | Note
-------+----------+-------------------------------------------
     0 | D:1      | siradein the Draconian Brigand began the quest for the Orb.
     0 | D:1      | Reached XP level 1. HP: 17/17 MP: 1/1
   138 | D:1      | Reached XP level 2. HP: 22/24 MP: 2/2
   502 | D:1      | Reached XP level 3. HP: 29/29 MP: 3/3
   750 | D:2      | Reached skill level 3 in Short Blades
  1166 | D:2      | Noticed Sigmund
  1658 | D:3      | Reached XP level 4. HP: 32/36 MP: 4/4
  2538 | D:3      | Gained mutation: Your natural rate of healing is unusually
                  | fast. [potion of mutation]
  2538 | D:3      | Gained mutation: You are occasionally teleported next to
                  | monsters. [potion of mutation]
  2538 | D:3      | Gained mutation: You are frail. (-10% HP) [potion of
                  | mutation]
  2538 | D:3      | Gained mutation: You are strong-willed. (Will+) [potion of
                  | mutation]
  2646 | D:4      | Noticed Ijyb
  2663 | D:4      | Noticed Menkaure
  2852 | D:2      | Reached skill level 4 in Short Blades
  2852 | D:2      | Reached XP level 5. HP: 36/36 MP: 5/5
  3241 | D:2      | Killed Sigmund
  3242 | D:2      | Reached XP level 6. HP: 23/43 MP: 6/6
  3377 | D:3      | Killed Ijyb
  3378 | D:3      | Reached skill level 5 in Short Blades
  3657 | D:3      | Reached skill level 5 in Throwing
  3698 | D:3      | Your scales start taking on a fiery red colour.
  3698 | D:3      | Reached XP level 7. HP: 35/49 MP: 7/7
  3698 | D:3      | Gained mutation: Your flesh is heat resistant. (rF+) [Red
                  | Draconian growth]
  4608 | D:4      | Killed Menkaure
  4609 | D:4      | Reached skill level 6 in Short Blades
  4696 | D:4      | Found a burning altar of Makhleb.
  4715 | D:5      | Entered Level 5 of the Dungeon
  4715 | D:5      | Found a shadowy altar of Dithmenos.
  4958 | D:5      | Found Pawueta's Hydra Hut.
  4958 | D:5      | Noticed a six-headed hydra
  4987 | D:5      | Reached XP level 8. HP: 54/54 MP: 8/8
  5044 | D:5      | Reached skill level 7 in Short Blades
  5267 | D:6      | Found a shimmering blue altar of Sif Muna.
  5467 | D:6      | Found a sacrificial altar of Ru.
  5585 | D:6      | Reached skill level 8 in Short Blades
  5963 | D:7      | Reached XP level 9. HP: 60/60 MP: 9/9
  5980 | D:7      | Found a flagged portal.
  6003 | Bailey   | Entered a bailey
  6090 | Bailey   | Noticed an orc knight
  6105 | Bailey   | Slain by a gnoll

Illustrated notes

Levels and vault maps discovered:
D:1:      dpeg_arrival_line_fractal, layout_basic
D:2:      minmay_angry_zag, layout_basic, uniq_sigmund
D:3:      layout_basic, kennysheep_generic_room_13
D:4:      kennysheep_slugbush, layout_cave_pools, general_overflow_altar,
          uniq_menkaure, uniq_ijyb
D:5:      layout_rooms, basic_altar, doesnt_shop_hydraphobe
D:6:      layout_basic, lemuel_doored_altar, lemuel_crystal_altar,
          nicolae_sextant
D:7:      layout_rooms, kennysheep_mini_moat, grunt_temple_overflow_open,
          minmay_temple_entry_mini_moons, enter_bailey_6, uniq_harold
Bailey:   bailey_axe_2, bailey

Skill      XL: |  1  2  3  4  5  6  7  8 |
---------------+-------------------------+-----
Throwing       | 2 3 4 5 6 7 |  7.9
Short Blades   | 3 4 5 6 8 |  8.6
Fighting       | |  2.1
Dodging        | |  0.8
Stealth        | |  3.6

Action                   |  1- 3 |  4- 6 |  7- 9 || total
-------------------------+-------+-------+-------++-------
Melee: Dagger            |    97 |       |       ||    97
       Tailslap          |    14 |    20 |    37 ||    71
       Short sword       |    29 |   166 |   209 ||   404
       Unarmed           |       |     8 |       ||     8
Throw: Boomerang         |       |       |    46 ||    46
  Use: Scroll            |       |    11 |     6 ||    17
       Potion            |       |     1 |     3 ||     4
 Stab: Sleeping          |    10 |    11 |     7 ||    28
       Distracted        |       |       |     1 ||     1
Armor: Skin              |    38 |    75 |    60 ||   173
Dodge: Dodged            |    58 |    84 |    81 ||   223

Table legend: (Time is in decaauts)
 A = Elapsed time spent in this place.
 B = Non-inter-level travel time spent in this place.
 C = Inter-level travel time spent in this place.
 D = Time resting spent in this place.
 E = Time spent auto-exploring this place.
 F = Levels seen in this place.
 G = Mean time per level.
                   A        B        C        D        E       F      G
               +--------+--------+--------+--------+--------+-----+--------+
         Total |   6045 |   5855 |    190 |    247 |   3722 |   8 |  755.6 |
       Dungeon |   5955 |   5765 |    190 |    247 |   3701 |   7 |  850.7 |
        Bailey |     89 |     89 |      0 |      0 |     21 |   1 |   89.0 |
               +--------+--------+--------+--------+--------+-----+--------+

Top non-repeatable levels by time:
     D:3: 2140 daAuts
     D:2: 1095 daAuts
     D:4: 738 daAuts
     D:1: 730 daAuts
     D:6: 661 daAuts
     D:5: 543 daAuts
  Bailey: 89 daAuts
     D:7: 46 daAuts
